Monsters vs Pirates

Created - Friday, October 10, 2014 at 23:28

Goals
1 2 3 T
Monsters 0 0 1 1
Pirates 7 2 1 10
Shots
1 2 3 T
Monsters 3 6 10 19
Pirates 9 3 20 32

1st period

1. Pirates , Gilbert Brule 1 (Aaron Rome, Eric Tangradi) at 1:10
2. Pirates , Tobias Rieder 1 (Ryan Craig, Markus Granlund) at 4:55
3. Pirates , Eric Tangradi 1 (Gilbert Brule) at 7:36
4. Pirates , Eric Tangradi 2 (Gilbert Brule, Brandon Segal) at 10:30
5. Pirates , Peter Holland 1 (Gilbert Brule, Aaron Rome) at 17:47
6. Pirates , Peter Holland 2 (Nick Johnson) at 18:07
7. Pirates , Gilbert Brule 2 (Eric Tangradi, Brandon Segal) at 18:45

Penalties :
Brandon Segal (POR) for Fighting (Major) at 12:52, Taylor Fedun (LAM) for Fighting (Major) at 12:52, Ryan Stoa (POR) for Hooking (Minor) at 13:45

2nd period

8. Pirates , Farm Player10 1 (Ryan Stoa, Bobby Butler) at 0:12
9. Pirates , Gilbert Brule 3 (Ryan Stoa) at 15:34

Penalties :
Andrew Alberts (POR) for Hooking (Minor) at 3:59, Ryan Stoa (POR) for Fighting (Major) at 7:35, Raphael Bussieres (LAM) for Fighting (Major) at 7:35, Markus Granlund (POR) for Roughing (Minor) at 9:02, Farm Player13 (LAM) for Hooking (Minor) at 15:05, Brandon Segal (POR) for Hooking (Minor) at 15:09

3rd period

10. Pirates , Gilbert Brule 4 (Eric Tangradi) at 0:51
11. Monsters , Max Friberg 1 (Jordan Szwarz, Ben Street) at 11:37

Penalties :
Matthew Corrente (LAM) for Elbowing (Minor) at 16:09

Goalie Stats

Farm Player80 (LAM), 21 saves from 27 shots - (0.778), L, 1-2-0, 50:18 minutes
Farm Player100 (LAM), 1 saves from 5 shots - (0.200), 9:42 minutes
Malcolm Subban (POR), 18 saves from 19 shots - (0.947), W, 1-0-2, 60:00 minutes

Players Stats for Monsters

Player Name              G  A  P  +/- PIM S  H  SB GA TA FO     MP     PP MP  PK MP  
------------------------------------------------------------------------------------
Andrej Nestrasil         0  0  0  -1  0   1  1  2  0  0  1/1    15:22   3:18   0:00 
Andrew Joudrey           0  0  0  -3  0   2  1  0  0  0  5/12   14:51   0:00   0:00 
Ben Street               0  1  1  -2  0   3  0  0  5  2  5/10   18:26   2:39   0:00 
Benn Ferriero            0  0  0  -4  0   2  0  0  3  1  3/6    25:07   3:22   1:28 
Brett Hextall            0  0  0  -3  0   0  0  0  0  0  0/0    14:51   0:00   0:00 
Farm Player12            0  0  0  -2  0   0  0  0  0  1  0/0    16:11   1:11   0:34 
Farm Player13            0  0  0  -2  2   0  1  0  0  0  0/0    14:23   0:04   0:34 
Gleason Fournier         0  0  0  -3  0   0  0  1  0  2  0/0    20:17   2:39   0:38 
Jordan Szwarz            0  1  1  -2  0   4  4  0  0  1  1/1    18:26   2:39   0:00 
Justin Mercier           0  0  0   0  0   0  0  0  0  0  0/0     0:20   0:00   0:00 
Matthew Corrente         0  0  0  -3  2   0  1  2  0  2  0/0    20:42   2:39   0:04 
Max Friberg              1  0  1  -2  0   1  1  1  1  1  2/2    18:26   2:39   0:00 
Mike Mottau              0  0  0  -4  0   0  2  0  1  2  0/0    26:33   3:22   1:24 
Paul Bissonnette         0  0  0  -3  0   4  1  0  6  0  0/0    15:26   0:00   0:00 
Raphael Bussieres        0  0  0  -2  5   0  0  0  0  0  0/0     6:55   0:00   0:34 
T.J. Hensick             0  0  0  -2  0   1  1  1  1  0  9/17   19:52   3:22   1:28 
Tanner Richard           0  0  0  -2  0   0  2  1  2  0  0/2     6:16   0:00   0:00 
Taylor Fedun             0  0  0  -4  5   1  5  2  1  1  0/0    23:30   2:11   1:24 

Players Stats for Pirates

Player Name              G  A  P  +/- PIM S  H  SB GA TA FO     MP     PP MP  PK MP  
------------------------------------------------------------------------------------
Aaron Rome               0  2  2   2  0   1  0  0  0  1  0/0    16:53   1:00   0:49 
Andrew Alberts           0  0  0   1  2   0  1  1  0  1  0/0    18:24   0:51   2:30 
Bobby Butler             0  1  1   0  0   3  3  0  1  0  6/17   19:15   1:09   4:04 
Brandon Segal            0  2  2   5  7   2  0  0  0  0  6/12   13:52   0:52   0:00 
David Steckel            0  0  0   0  0   0  0  1  1  0  1/1    13:50   0:53   0:00 
Eric Tangradi            2  3  5   6  0   3  3  0  1  1  0/0    17:55   0:53   0:38 
Farm Player10            1  0  1   1  0   1  0  0  0  0  0/0     7:46   0:00   3:21 
Gilbert Brule            4  3  7   7  0   8  3  0  3  0  1/3    19:52   1:09   0:42 
Hal Gill                 0  0  0   4  0   4  0  5  0  1  0/0    26:09   1:11   2:38 
Henrik Tommernes         0  0  0   3  0   0  0  0  1  1  0/0    18:35   0:00   3:23 
Markus Granlund          0  1  1   1  2   1  1  1  4  1  0/1    15:46   0:00   0:00 
Mike Komisarek           0  0  0   3  0   1  1  1  1  2  0/0    20:58   1:02   2:38 
Nick Johnson             0  1  1   1  0   0  0  0  0  0  0/0     7:56   0:00   1:37 
Peter Holland            2  0  2   2  0   3  1  0  2  1  0/0     6:12   0:00   0:27 
Ryan Craig               0  1  1   1  0   1  1  0  3  0  5/7    14:39   0:00   0:00 
Ryan Stoa                0  2  2   2  7   2  4  0  1  0  6/9    23:28   1:09   1:13 
Tobias Rieder            1  0  1   1  0   2  0  0  0  0  0/1    14:39   0:00   0:00 
Vincent LoVerde          0  0  0   4  0   0  0  1  0  0  0/0    15:44   0:00   0:04 

3 Stars

1 - Gilbert Brule (POR)
2 - Eric Tangradi (POR)
3 - Peter Holland (POR)

Power Play

Monsters - 0 on 4 Attempt(s) - 0.00%
Pirates - 0 on 2 Attempt(s) - 0.00%

Penalty Kill

Monsters - 2 on 2 Attempt(s) - 100.00% - Score 0 goal in Penalty Kill
Pirates - 4 on 4 Attempt(s) - 100.00% - Score 0 goal in Penalty Kill

Official

Referees : Unknown
Linesman : Unknown

Game Notes

Farm Player100 enters game at 10:30 of 1st period
Taylor Fedun beats up Brandon Segal at 12:52 of 1st period
Farm Player80 enters game at 0:12 of 2nd period
Ryan Stoa and Raphael Bussieres fight to a draw at 7:35 of 2nd period
Gilbert Brule has scored a Hat Trick!
Mike Komisarek is injured at 17:59 of 3rd period (Broken Bone (Right Ankle))

Finance

Level 1 -- Attendance: 1599 (79.95%) -- Ticket Income $55,965
Level 2 -- Attendance: 682 (68.20%) -- Ticket Income $10,230
Total Attendance: 2281 (76.03%)
Total Ticket Income: $66,195
Other Income: $32,436
Total Income: $98,631

Monsters

5 vs 5 Forward 
   Center                   Left Wing                Right Wing               Time % Phy DF OF 
 1 T.J. Hensick             Benn Ferriero            Andrej Nestrasil         35     1   2  2  
 2 Ben Street               Max Friberg              Jordan Szwarz            30     1   2  2  
 3 Andrew Joudrey           Paul Bissonnette         Brett Hextall            22     1   2  2  
 4 Tanner Richard           Raphael Bussieres        Benn Ferriero            13     1   2  2  

5 vs 5 Defense 
   Defense                  Defense                                           Time % Phy DF OF 
 1 Taylor Fedun             Mike Mottau                                       35     1   2  2  
 2 Matthew Corrente         Gleason Fournier                                  30     1   2  2  
 3 Farm Player12            Farm Player13                                     22     1   2  2  
 4 Taylor Fedun             Mike Mottau                                       13     1   2  2  

PowerPlay Forward 
   Center                   Left Wing                Right Wing               Time % Phy DF OF 
 1 T.J. Hensick             Benn Ferriero            Andrej Nestrasil         60     1   2  2  
 2 Ben Street               Max Friberg              Jordan Szwarz            40     1   2  2  

PowerPlay Defense
   Defense                  Defense                                           Time % Phy DF OF 
 1 Taylor Fedun             Mike Mottau                                       60     1   2  2  
 2 Matthew Corrente         Gleason Fournier                                  40     1   2  2  

Penalty Kill 4 Players Forward 
   Center                   Wing                     Time % Phy DF OF 
 1 Benn Ferriero            T.J. Hensick             60     1   2  2  
 2 Andrej Nestrasil         Ben Street               40     1   2  2  

Penalty Kill 4 Players Defense
   Defense                  Defense                  Time % Phy DF OF 
 1 Taylor Fedun             Mike Mottau              60     1   2  2  
 2 Matthew Corrente         Gleason Fournier         40     1   2  2  

Penalty Kill - 3 Players Forward 
   Forward                                           Time % Phy DF OF 
 1 Benn Ferriero                                     60     1   2  2  
 2 T.J. Hensick                                      40     1   2  2  

Penalty Kill - 3 Players Defense
   Defense                  Defense                  Time % Phy DF OF 
 1 Taylor Fedun             Mike Mottau              60     1   2  2  
 2 Matthew Corrente         Gleason Fournier         40     1   2  2  

4 vs 4 Forward 
   Center                   Wing                     Time % Phy DF OF 
 1 Benn Ferriero            T.J. Hensick             60     1   2  2  
 2 Andrej Nestrasil         Ben Street               40     1   2  2  

4 vs 4 Defense
   Defense                  Defense                  Time % Phy DF OF 
 1 Taylor Fedun             Mike Mottau              60     1   2  2  
 2 Matthew Corrente         Gleason Fournier         40     1   2  2  

Last Minutes Offensive
   Center                   Left Wing                Right Wing               Defense                  Defense                  
   T.J. Hensick             Benn Ferriero            Andrej Nestrasil         Taylor Fedun             Mike Mottau              

Last Minutes Defensive
   Center                   Left Wing                Right Wing               Defense                  Defense                  
   T.J. Hensick             Benn Ferriero            Andrej Nestrasil         Taylor Fedun             Mike Mottau              

Goaltenders
Starting : Farm Player80            
Backup : Farm Player100           

Extra Forwards
Normal : Paul Bissonnette, Andrew Joudrey, Raphael Bussieres - PP : Paul Bissonnette, Andrew Joudrey - PK : Raphael Bussieres
Extra Defensemen
Normal : Farm Player12, Farm Player13, Matthew Corrente - PP : Farm Player12 - PK : Farm Player13, Matthew Corrente
Penalty Shots
Benn Ferriero, T.J. Hensick, Andrej Nestrasil, Ben Street, Max Friberg

Pirates

5 vs 5 Forward 
   Center                   Left Wing                Right Wing               Time % Phy DF OF 
 1 Bobby Butler             Ryan Stoa                David Steckel            35     1   2  2  
 2 Brandon Segal            Eric Tangradi            Gilbert Brule            30     1   2  2  
 3 Ryan Craig               Tobias Rieder            Markus Granlund          22     1   2  2  
 4 Ryan Stoa                Peter Holland            Nick Johnson             13     1   2  2  

5 vs 5 Defense 
   Defense                  Defense                                           Time % Phy DF OF 
 1 Hal Gill                 Mike Komisarek                                    35     1   2  2  
 2 Aaron Rome               Andrew Alberts                                    30     1   2  2  
 3 Vincent LoVerde          Henrik Tommernes                                  22     1   2  2  
 4 Farm Player10            Hal Gill                                          13     1   2  2  

PowerPlay Forward 
   Center                   Left Wing                Right Wing               Time % Phy DF OF 
 1 Bobby Butler             Ryan Stoa                Gilbert Brule            60     1   2  2  
 2 Brandon Segal            Eric Tangradi            David Steckel            40     1   2  2  

PowerPlay Defense
   Defense                  Defense                                           Time % Phy DF OF 
 1 Hal Gill                 Mike Komisarek                                    60     1   2  2  
 2 Andrew Alberts           Aaron Rome                                        40     1   2  2  

Penalty Kill 4 Players Forward 
   Center                   Wing                     Time % Phy DF OF 
 1 Bobby Butler             Ryan Stoa                60     1   2  2  
 2 Eric Tangradi            Gilbert Brule            40     1   2  2  

Penalty Kill 4 Players Defense
   Defense                  Defense                  Time % Phy DF OF 
 1 Hal Gill                 Mike Komisarek           60     1   2  2  
 2 Henrik Tommernes         Andrew Alberts           40     1   2  2  

Penalty Kill - 3 Players Forward 
   Forward                                           Time % Phy DF OF 
 1 Eric Tangradi                                     60     1   2  2  
 2 Ryan Stoa                                         40     1   2  2  

Penalty Kill - 3 Players Defense
   Defense                  Defense                  Time % Phy DF OF 
 1 Hal Gill                 Aaron Rome               60     1   2  2  
 2 Farm Player10            Mike Komisarek           40     1   2  2  

4 vs 4 Forward 
   Center                   Wing                     Time % Phy DF OF 
 1 Gilbert Brule            Ryan Stoa                60     1   2  2  
 2 Eric Tangradi            Bobby Butler             40     1   2  2  

4 vs 4 Defense
   Defense                  Defense                  Time % Phy DF OF 
 1 Mike Komisarek           Hal Gill                 60     1   2  2  
 2 Vincent LoVerde          Henrik Tommernes         40     1   2  2  

Last Minutes Offensive
   Center                   Left Wing                Right Wing               Defense                  Defense                  
   Bobby Butler             Ryan Stoa                Gilbert Brule            Hal Gill                 Mike Komisarek           

Last Minutes Defensive
   Center                   Left Wing                Right Wing               Defense                  Defense                  
   Bobby Butler             Ryan Stoa                Gilbert Brule            Hal Gill                 Mike Komisarek           

Goaltenders
Starting : Malcolm Subban           
Backup : Mike McKenna             

Extra Forwards
Normal : Ryan Stoa, Eric Tangradi, Markus Granlund - PP : Ryan Stoa, Eric Tangradi - PK : Ryan Stoa
Extra Defensemen
Normal : Vincent LoVerde, Farm Player10, Hal Gill - PP : Mike Komisarek - PK : Aaron Rome, Hal Gill
Penalty Shots
Ryan Craig, Ryan Stoa, Eric Tangradi, Tobias Rieder, Peter Holland

% Time on Ice - Monsters

Lines # - Real PCT - Wanted PCT - Time Play
Normal Forward
1 - 26% - 35% - 13:07
2 - 32% - 30% - 15:47
3 - 30% - 22% - 14:51
4 - 13% - 13% - 6:16
Normal Defense
1 - 34% - 35% - 16:53
2 - 34% - 30% - 16:48
3 - 26% - 22% - 13:09
4 - 6% - 13% - 3:11
PP Forward
1 - 56% - 60% - 3:22
2 - 44% - 40% - 2:39
PP Defense
1 - 56% - 60% - 3:22
2 - 44% - 40% - 2:39
PK Forward
1 - 100% - 60% - 2:03
2 - 0% - 40% - 0:00
PK Defense
1 - 68% - 60% - 1:24
2 - 32% - 40% - 0:39
PK3 Forward
1 - 0% - 60%
2 - 0% - 40%
PK3 Defense
1 - 0% - 60%
2 - 0% - 40%
44 Forward
1 - 100% - 60% - 1:55
2 - 0% - 40% - 0:00
44 Defense
1 - 90% - 60% - 1:43
2 - 10% - 40% - 0:12
Last Minute Offensive  - 0:00
Last Minute Defensive  - 0:00
Total
Forward - 60:00
Defense - 60:00

% Time on Ice - Pirates

Lines # - Real PCT - Wanted PCT - Time Play
Normal Forward
1 - 29% - 35% - 14:29
2 - 31% - 30% - 15:29
3 - 29% - 22% - 14:39
4 - 11% - 13% - 5:24
Normal Defense
1 - 34% - 35% - 16:57
2 - 32% - 30% - 15:53
3 - 26% - 22% - 13:10
4 - 8% - 13% - 4:01
PP Forward
1 - 56% - 60% - 1:09
2 - 44% - 40% - 0:54
PP Defense
1 - 59% - 60% - 1:12
2 - 41% - 40% - 0:51
PK Forward
1 - 89% - 60% - 5:23
2 - 11% - 40% - 0:38
PK Defense
1 - 44% - 60% - 2:38
2 - 56% - 40% - 3:23
PK3 Forward
1 - 0% - 60%
2 - 0% - 40%
PK3 Defense
1 - 0% - 60%
2 - 0% - 40%
44 Forward
1 - 100% - 60% - 1:55
2 - 0% - 40% - 0:00
44 Defense
1 - 71% - 60% - 1:22
2 - 29% - 40% - 0:33
Last Minute Offensive  - 0:00
Last Minute Defensive  - 0:00
Total
Forward - 60:00
Defense - 60:00

Play by Play

1st period


0:01 of 1st period - T.J. Hensick wins face-off versus Bobby Butler in neutral zone.
0:53 of 1st period - Backhand shot by Ben Street.
0:53 of 1st period - Shot Blocked by Hal Gill.
1:03 of 1st period - Matthew Corrente is hit by Gilbert Brule and loses puck.
1:08 of 1st period - Snap shot by Eric Tangradi.
1:08 of 1st period - Shot Misses the Net.
1:10 of 1st period - Slapshot by Aaron Rome.
1:10 of 1st period - Deflect By Gilbert Brule.
1:10 of 1st period - Goal by Gilbert Brule - Monsters : 0 - Pirates : 1.
1:11 of 1st period - Andrew Joudrey wins face-off versus Ryan Craig in neutral zone.
2:02 of 1st period - Farm Player13 is hit by Peter Holland and loses puck.
3:19 of 1st period - Wrist shot by Ben Street.
3:19 of 1st period - Stopped by Malcolm Subban with a rebound.
3:57 of 1st period - Gilbert Brule is hit by T.J. Hensick and loses puck.
4:47 of 1st period - Markus Granlund is hit by Farm Player13.
4:53 of 1st period - Slapshot by Ryan Craig.
4:53 of 1st period - Shot Hit the Post.
4:55 of 1st period - Wrist shot by Ryan Craig.
4:55 of 1st period - Deflect By Tobias Rieder.
4:55 of 1st period - Goal by Tobias Rieder - Monsters : 0 - Pirates : 2.
4:56 of 1st period - Ryan Craig wins face-off versus Andrew Joudrey in neutral zone.
6:52 of 1st period - Jordan Szwarz is hit by Andrew Alberts.
7:00 of 1st period - Snap shot by Jordan Szwarz.
7:00 of 1st period - Shot Misses the Net.
7:18 of 1st period - Wrist shot by Aaron Rome.
7:18 of 1st period - Stopped by Farm Player80 with a rebound.
7:20 of 1st period - Wrist shot by Bobby Butler.
7:20 of 1st period - Shot Misses the Net.
7:36 of 1st period - Snap shot by Eric Tangradi.
7:36 of 1st period - Goal by Eric Tangradi - Monsters : 0 - Pirates : 3.
7:37 of 1st period - Bobby Butler wins face-off versus Andrew Joudrey in neutral zone.
7:40 of 1st period - Brett Hextall is hit by Ryan Stoa and loses puck.
8:31 of 1st period - Slapshot by Matthew Corrente.
8:31 of 1st period - Deflect By Jordan Szwarz.
8:31 of 1st period - Shot Misses the Net.
8:31 of 1st period - Puck is out of play.
8:32 of 1st period - Max Friberg wins face-off versus Tobias Rieder in Pirates zone.
8:35 of 1st period - Wrist shot by Ben Street.
8:35 of 1st period - Stopped by Malcolm Subban with a rebound.
9:19 of 1st period - Gleason Fournier is hit by Markus Granlund.
10:21 of 1st period - Mike Mottau is hit by Eric Tangradi and loses puck.
10:26 of 1st period - Wrist shot by Gilbert Brule.
10:26 of 1st period - Shot Misses the Net.
10:30 of 1st period - Wrist shot by Eric Tangradi.
10:30 of 1st period - Goal by Eric Tangradi - Monsters : 0 - Pirates : 4.
10:30 of 1st period - Farm Player100 enters game.
10:31 of 1st period - Brandon Segal wins face-off versus Ben Street in neutral zone.
11:00 of 1st period - Eric Tangradi is hit by Max Friberg and loses puck.
11:23 of 1st period - Off-side.
11:24 of 1st period - Ryan Craig wins face-off versus Andrew Joudrey in neutral zone.
12:52 of 1st period - Taylor Fedun beats up Brandon Segal.
12:52 of 1st period - Penalty to Brandon Segal for Fighting.
12:52 of 1st period - Penalty to Taylor Fedun for Fighting.
12:53 of 1st period - Ben Street wins face-off versus Ryan Stoa in Pirates zone.
13:05 of 1st period - Off-side.
13:06 of 1st period - Ryan Stoa wins face-off versus Ben Street in neutral zone.
13:25 of 1st period - Mike Mottau is hit by Eric Tangradi and loses puck.
13:45 of 1st period - Minor Penalty to Ryan Stoa for Hooking.
13:46 of 1st period - T.J. Hensick wins face-off versus Bobby Butler in Pirates zone.
14:21 of 1st period - Andrew Alberts is hit by Andrej Nestrasil and loses puck.
14:34 of 1st period - Wrist shot by Jordan Szwarz.
14:34 of 1st period - Shot Misses the Net.
15:45 of 1st period - Penalty to Ryan Stoa is over, Ryan Stoa is back on ice.
17:05 of 1st period - Wrist shot by Ryan Craig.
17:05 of 1st period - Shot Blocked by Tanner Richard.
17:33 of 1st period - Wrist shot by Ben Street.
17:33 of 1st period - Shot Blocked by Vincent LoVerde.
17:41 of 1st period - Snap shot by Gilbert Brule.
17:41 of 1st period - Shot Blocked by Matthew Corrente.
17:43 of 1st period - Slapshot by Aaron Rome.
17:43 of 1st period - Shot Blocked by Matthew Corrente.
17:45 of 1st period - Snap shot by Gilbert Brule.
17:45 of 1st period - Stopped by Farm Player100 with a rebound.
17:47 of 1st period - Wrist shot by Peter Holland.
17:47 of 1st period - Goal by Peter Holland - Monsters : 0 - Pirates : 5.
17:48 of 1st period - Andrew Joudrey wins face-off versus Ryan Stoa in neutral zone.
17:51 of 1st period - Snap shot by Paul Bissonnette.
17:51 of 1st period - Stopped by Malcolm Subban with a rebound.
18:07 of 1st period - Wrist shot by Peter Holland.
18:07 of 1st period - Goal by Peter Holland - Monsters : 0 - Pirates : 6.
18:08 of 1st period - Andrew Joudrey wins face-off versus Brandon Segal in neutral zone.
18:45 of 1st period - Slapshot by Gilbert Brule.
18:45 of 1st period - Goal by Gilbert Brule - Monsters : 0 - Pirates : 7.
18:46 of 1st period - T.J. Hensick wins face-off versus Bobby Butler in neutral zone.
19:00 of 1st period - Icing by Andrew Alberts.
19:01 of 1st period - Bobby Butler wins face-off versus T.J. Hensick in Pirates zone.
19:33 of 1st period - Icing by T.J. Hensick.
19:34 of 1st period - T.J. Hensick wins face-off versus Brandon Segal in Monsters zone.
Goals for this period are 0 for Monsters vs 7 for Pirates.
Shots for this period are 3 for Monsters vs 9 for Pirates.

2nd period


0:01 of 2nd period - Bobby Butler wins face-off versus T.J. Hensick in neutral zone.
0:04 of 2nd period - Snap shot by Ryan Stoa.
0:04 of 2nd period - Shot Blocked by Andrej Nestrasil.
0:10 of 2nd period - Slapshot by Ryan Stoa.
0:10 of 2nd period - Shot Blocked by Taylor Fedun.
0:12 of 2nd period - Snap shot by Farm Player10.
0:12 of 2nd period - Goal by Farm Player10 - Monsters : 0 - Pirates : 8.
0:12 of 2nd period - Farm Player80 enters game.
0:13 of 2nd period - Andrej Nestrasil wins face-off versus Bobby Butler in neutral zone.
0:20 of 2nd period - Icing by David Steckel.
0:21 of 2nd period - Bobby Butler wins face-off versus T.J. Hensick in Pirates zone.
0:52 of 2nd period - Wrist shot by Benn Ferriero.
0:52 of 2nd period - Stopped by Malcolm Subban with a rebound.
0:58 of 2nd period - Wrist shot by T.J. Hensick.
0:58 of 2nd period - Stopped by Malcolm Subban with a rebound.
1:42 of 2nd period - Tobias Rieder is hit by Jordan Szwarz and loses puck.
2:07 of 2nd period - Snap shot by Paul Bissonnette.
2:07 of 2nd period - Shot Blocked by Andrew Alberts.
2:09 of 2nd period - Snap shot by Brett Hextall.
2:09 of 2nd period - Shot Misses the Net.
2:11 of 2nd period - Snap shot by Farm Player13.
2:11 of 2nd period - Deflect By Andrew Joudrey.
2:11 of 2nd period - Stopped by Malcolm Subban without a rebound.
2:12 of 2nd period - Brandon Segal wins face-off versus Tanner Richard in Pirates zone.
3:15 of 2nd period - Mike Komisarek is hit by Andrew Joudrey and loses puck.
3:52 of 2nd period - Snap shot by Ben Street.
3:52 of 2nd period - Deflect By Jordan Szwarz.
3:52 of 2nd period - Shot Misses the Net.
3:52 of 2nd period - Puck is out of play.
3:53 of 2nd period - T.J. Hensick wins face-off versus Ryan Stoa in Pirates zone.
3:59 of 2nd period - Minor Penalty to Andrew Alberts for Hooking.
4:00 of 2nd period - T.J. Hensick wins face-off versus Bobby Butler in Pirates zone.
5:00 of 2nd period - Gilbert Brule is hit by Jordan Szwarz and loses puck.
5:53 of 2nd period - Hal Gill is hit by Jordan Szwarz.
5:59 of 2nd period - Penalty to Andrew Alberts is over, Andrew Alberts is back on ice.
6:13 of 2nd period - Slapshot by Paul Bissonnette.
6:13 of 2nd period - Shot Blocked by Hal Gill.
7:35 of 2nd period - Ryan Stoa and Raphael Bussieres fight to a draw.
7:35 of 2nd period - Penalty to Ryan Stoa for Fighting.
7:35 of 2nd period - Penalty to Raphael Bussieres for Fighting.
7:36 of 2nd period - Ben Street wins face-off versus Markus Granlund in Monsters zone.
8:48 of 2nd period - Brett Hextall is hit by Bobby Butler.
9:02 of 2nd period - Minor Penalty to Markus Granlund for Roughing.
9:03 of 2nd period - T.J. Hensick wins face-off versus Bobby Butler in Pirates zone.
9:26 of 2nd period - Hal Gill is hit by Mike Mottau and loses puck.
9:45 of 2nd period - Bobby Butler is hit by Taylor Fedun.
9:57 of 2nd period - Ben Street is hit by Bobby Butler and loses puck.
10:22 of 2nd period - Hal Gill is hit by Jordan Szwarz.
11:02 of 2nd period - Penalty to Markus Granlund is over, Markus Granlund is back on ice.
11:27 of 2nd period - Wrist shot by Paul Bissonnette.
11:27 of 2nd period - Shot Misses the Net.
11:46 of 2nd period - Paul Bissonnette is hit by Gilbert Brule and loses puck.
12:08 of 2nd period - Taylor Fedun is hit by Eric Tangradi.
13:01 of 2nd period - Icing by Nick Johnson.
13:02 of 2nd period - Ryan Stoa wins face-off versus Andrew Joudrey in Pirates zone.
13:13 of 2nd period - Slapshot by Mike Mottau.
13:13 of 2nd period - Shot Misses the Net.
13:23 of 2nd period - Nick Johnson is hit by Taylor Fedun.
15:05 of 2nd period - Minor Penalty to Farm Player13 for Hooking.
15:06 of 2nd period - Brandon Segal wins face-off versus Benn Ferriero in Monsters zone.
15:09 of 2nd period - Minor Penalty to Brandon Segal for Hooking.
15:10 of 2nd period - Benn Ferriero wins face-off versus Gilbert Brule in Pirates zone.
15:10 of 2nd period - Snap shot by T.J. Hensick.
15:10 of 2nd period - Deflect By Benn Ferriero.
15:10 of 2nd period - Stopped by Malcolm Subban with a rebound.
15:34 of 2nd period - Wrist shot by Gilbert Brule.
15:34 of 2nd period - Goal by Gilbert Brule - Monsters : 0 - Pirates : 9.
15:35 of 2nd period - Benn Ferriero wins face-off versus Gilbert Brule in neutral zone.
15:46 of 2nd period - Snap shot by T.J. Hensick.
15:46 of 2nd period - Shot Misses the Net.
15:48 of 2nd period - Slapshot by Taylor Fedun.
15:48 of 2nd period - Stopped by Malcolm Subban without a rebound.
15:49 of 2nd period - Gilbert Brule wins face-off versus Benn Ferriero in Pirates zone.
15:54 of 2nd period - T.J. Hensick is hit by Mike Komisarek and loses puck.
16:10 of 2nd period - Snap shot by Ryan Stoa.
16:10 of 2nd period - Stopped by Farm Player80 with a rebound.
17:05 of 2nd period - Penalty to Farm Player13 is over, Farm Player13 is back on ice.
17:09 of 2nd period - Penalty to Brandon Segal is over, Brandon Segal is back on ice.
17:26 of 2nd period - Snap shot by Jordan Szwarz.
17:26 of 2nd period - Shot Blocked by Markus Granlund.
18:06 of 2nd period - Slapshot by Andrew Joudrey.
18:06 of 2nd period - Stopped by Malcolm Subban with a rebound.
Goals for this period are 0 for Monsters vs 2 for Pirates.
Shots for this period are 6 for Monsters vs 3 for Pirates.

3rd period


0:01 of 3rd period - Ryan Stoa wins face-off versus T.J. Hensick in neutral zone.
0:45 of 3rd period - Icing by T.J. Hensick.
0:46 of 3rd period - Jordan Szwarz wins face-off versus Brandon Segal in Monsters zone.
0:51 of 3rd period - Wrist shot by Gilbert Brule.
0:51 of 3rd period - Goal by Gilbert Brule - Monsters : 0 - Pirates : 10.
0:52 of 3rd period - Brandon Segal wins face-off versus Ben Street in neutral zone.
1:05 of 3rd period - Slapshot by Brandon Segal.
1:05 of 3rd period - Shot Misses the Net.
1:07 of 3rd period - Snap shot by Brandon Segal.
1:07 of 3rd period - Shot Misses the Net.
1:09 of 3rd period - Snap shot by Brandon Segal.
1:09 of 3rd period - Stopped by Farm Player80 without a rebound.
1:10 of 3rd period - Brandon Segal wins face-off versus Ben Street in Monsters zone.
1:15 of 3rd period - Snap shot by Gilbert Brule.
1:15 of 3rd period - Stopped by Farm Player80 with a rebound.
1:17 of 3rd period - Slapshot by Mike Komisarek.
1:17 of 3rd period - Stopped by Farm Player80 with a rebound.
1:19 of 3rd period - Wrist shot by Hal Gill.
1:19 of 3rd period - Stopped by Farm Player80 with a rebound.
1:21 of 3rd period - Wrist shot by Brandon Segal.
1:21 of 3rd period - Stopped by Farm Player80 with a rebound.
1:23 of 3rd period - Slapshot by Hal Gill.
1:23 of 3rd period - Stopped by Farm Player80 with a rebound.
1:25 of 3rd period - Snap shot by Gilbert Brule.
1:25 of 3rd period - Stopped by Farm Player80 with a rebound.
1:27 of 3rd period - Snap shot by Gilbert Brule.
1:27 of 3rd period - Shot Blocked by Max Friberg.
1:29 of 3rd period - Wrist shot by Brandon Segal.
1:29 of 3rd period - Shot Misses the Net.
1:31 of 3rd period - Slapshot by Hal Gill.
1:31 of 3rd period - Stopped by Farm Player80 with a rebound.
1:47 of 3rd period - Snap shot by Bobby Butler.
1:47 of 3rd period - Shot Misses the Net.
1:49 of 3rd period - Wrist shot by Bobby Butler.
1:49 of 3rd period - Deflect By Ryan Stoa.
1:49 of 3rd period - Shot Misses the Net.
1:49 of 3rd period - Puck is out of play.
1:50 of 3rd period - T.J. Hensick wins face-off versus Bobby Butler in Monsters zone.
1:58 of 3rd period - Icing by Bobby Butler.
1:59 of 3rd period - T.J. Hensick wins face-off versus Bobby Butler in Pirates zone.
2:19 of 3rd period - Wrist shot by Ryan Stoa.
2:19 of 3rd period - Stopped by Farm Player80 without a rebound.
2:20 of 3rd period - Andrew Joudrey wins face-off versus Ryan Craig in Monsters zone.
2:27 of 3rd period - Hal Gill is hit by Matthew Corrente and loses puck.
2:32 of 3rd period - Snap shot by Paul Bissonnette.
2:32 of 3rd period - Stopped by Malcolm Subban without a rebound.
2:33 of 3rd period - Ryan Craig wins face-off versus Andrew Joudrey in Pirates zone.
2:56 of 3rd period - Wrist shot by Paul Bissonnette.
2:56 of 3rd period - Deflect By Brett Hextall.
2:56 of 3rd period - Shot Misses the Net.
2:56 of 3rd period - Puck is out of play.
2:57 of 3rd period - David Steckel wins face-off versus T.J. Hensick in Pirates zone.
3:33 of 3rd period - Off-side.
3:34 of 3rd period - Max Friberg wins face-off versus Brandon Segal in neutral zone.
4:05 of 3rd period - Wrist shot by Ben Street.
4:05 of 3rd period - Stopped by Malcolm Subban without a rebound.
4:06 of 3rd period - Ryan Craig wins face-off versus Andrew Joudrey in Pirates zone.
4:56 of 3rd period - Bobby Butler is hit by Taylor Fedun and loses puck.
5:01 of 3rd period - Snap shot by Andrej Nestrasil.
5:01 of 3rd period - Stopped by Malcolm Subban with a rebound.
5:11 of 3rd period - Benn Ferriero is hit by Bobby Butler and loses puck.
5:30 of 3rd period - Andrej Nestrasil is hit by Ryan Stoa and loses puck.
6:13 of 3rd period - Backhand shot by Jordan Szwarz.
6:13 of 3rd period - Stopped by Malcolm Subban without a rebound.
6:14 of 3rd period - Ryan Stoa wins face-off versus Tanner Richard in Pirates zone.
6:14 of 3rd period - Ryan Stoa is hit by Tanner Richard.
6:36 of 3rd period - Wrist shot by Peter Holland.
6:36 of 3rd period - Shot Misses the Net.
6:42 of 3rd period - Hal Gill is hit by Tanner Richard and loses puck.
6:57 of 3rd period - Markus Granlund is hit by Paul Bissonnette and loses puck.
7:21 of 3rd period - Wrist shot by Markus Granlund.
7:21 of 3rd period - Deflect By Brett Hextall.
7:21 of 3rd period - Shot Misses the Net.
7:21 of 3rd period - Puck is out of play.
7:22 of 3rd period - Ben Street wins face-off versus Brandon Segal in Monsters zone.
7:22 of 3rd period - Ben Street is hit by Gilbert Brule.
7:45 of 3rd period - Slapshot by Jordan Szwarz.
7:45 of 3rd period - Stopped by Malcolm Subban with a rebound.
7:47 of 3rd period - Slapshot by Taylor Fedun.
7:47 of 3rd period - Shot Blocked by Hal Gill.
8:10 of 3rd period - Andrej Nestrasil is hit by Ryan Stoa and loses puck.
8:22 of 3rd period - Benn Ferriero is hit by Ryan Stoa and loses puck.
8:31 of 3rd period - Wrist shot by David Steckel.
8:31 of 3rd period - Shot Misses the Net.
9:49 of 3rd period - Vincent LoVerde is hit by Taylor Fedun and loses puck.
9:58 of 3rd period - Max Friberg is hit by Ryan Craig and loses puck.
10:07 of 3rd period - Snap shot by Ben Street.
10:07 of 3rd period - Deflect By Jordan Szwarz.
10:07 of 3rd period - Stopped by Malcolm Subban with a rebound.
10:14 of 3rd period - Icing by Tobias Rieder.
10:15 of 3rd period - Ryan Craig wins face-off versus T.J. Hensick in Pirates zone.
11:29 of 3rd period - Off-side.
11:30 of 3rd period - Ben Street wins face-off versus Bobby Butler in neutral zone.
11:37 of 3rd period - Backhand shot by Max Friberg.
11:37 of 3rd period - Goal by Max Friberg - Monsters : 1 - Pirates : 10.
11:38 of 3rd period - Bobby Butler wins face-off versus Ben Street in neutral zone.
11:41 of 3rd period - Slapshot by Mike Komisarek.
11:41 of 3rd period - Shot Misses the Net.
11:54 of 3rd period - Wrist shot by Jordan Szwarz.
11:54 of 3rd period - Shot Blocked by David Steckel.
12:24 of 3rd period - Slapshot by Paul Bissonnette.
12:24 of 3rd period - Shot Misses the Net.
12:26 of 3rd period - Snap shot by Mike Mottau.
12:26 of 3rd period - Shot Blocked by Hal Gill.
12:28 of 3rd period - Snap shot by Brett Hextall.
12:28 of 3rd period - Shot Blocked by Hal Gill.
12:30 of 3rd period - Slapshot by Matthew Corrente.
12:30 of 3rd period - Deflect By Paul Bissonnette.
12:30 of 3rd period - Stopped by Malcolm Subban without a rebound.
12:31 of 3rd period - Andrew Joudrey wins face-off versus Brandon Segal in Pirates zone.
12:38 of 3rd period - Wrist shot by Paul Bissonnette.
12:38 of 3rd period - Shot Misses the Net.
12:58 of 3rd period - Wrist shot by Paul Bissonnette.
12:58 of 3rd period - Stopped by Malcolm Subban with a rebound.
13:34 of 3rd period - Snap shot by Ryan Craig.
13:34 of 3rd period - Shot Misses the Net.
13:36 of 3rd period - Wrist shot by Tobias Rieder.
13:36 of 3rd period - Stopped by Farm Player80 with a rebound.
13:44 of 3rd period - Snap shot by Ryan Craig.
13:44 of 3rd period - Deflect By Markus Granlund.
13:44 of 3rd period - Shot Blocked by Andrej Nestrasil.
13:44 of 3rd period - Puck is out of play.
13:45 of 3rd period - Ben Street wins face-off versus Bobby Butler in Monsters zone.
14:00 of 3rd period - Wrist shot by Ben Street.
14:00 of 3rd period - Shot Misses the Net.
14:10 of 3rd period - Slapshot by Ben Street.
14:10 of 3rd period - Shot Misses the Net.
14:12 of 3rd period - Snap shot by Jordan Szwarz.
14:12 of 3rd period - Stopped by Malcolm Subban with a rebound.
14:48 of 3rd period - Backhand shot by Eric Tangradi.
14:48 of 3rd period - Stopped by Farm Player80 without a rebound.
14:49 of 3rd period - Brandon Segal wins face-off versus Andrew Joudrey in Monsters zone.
15:00 of 3rd period - Slapshot by Gilbert Brule.
15:00 of 3rd period - Stopped by Farm Player80 with a rebound.
15:34 of 3rd period - Snap shot by Markus Granlund.
15:34 of 3rd period - Stopped by Farm Player80 without a rebound.
15:35 of 3rd period - Ryan Stoa wins face-off versus T.J. Hensick in Monsters zone.
15:52 of 3rd period - Snap shot by Peter Holland.
15:52 of 3rd period - Stopped by Farm Player80 without a rebound.
15:53 of 3rd period - Ryan Stoa wins face-off versus T.J. Hensick in Monsters zone.
16:09 of 3rd period - Minor Penalty to Matthew Corrente for Elbowing.
16:10 of 3rd period - Benn Ferriero wins face-off versus Bobby Butler in Monsters zone.
17:00 of 3rd period - Mike Komisarek is hit by Taylor Fedun and loses puck.
17:20 of 3rd period - Brandon Segal is hit by Mike Mottau and loses puck.
17:47 of 3rd period - Snap shot by Bobby Butler.
17:47 of 3rd period - Stopped by Farm Player80 with a rebound.
17:49 of 3rd period - Slapshot by Aaron Rome.
17:49 of 3rd period - Shot Blocked by Gleason Fournier.
17:59 of 3rd period - Wrist shot by Raphael Bussieres.
17:59 of 3rd period - Shot Blocked by Mike Komisarek.
17:59 of 3rd period - Mike Komisarek from Pirates is injured at 17:59 of 3rd period (Broken Bone (Right Ankle)).
18:00 of 3rd period - Bobby Butler wins face-off versus Benn Ferriero in Pirates zone.
18:09 of 3rd period - Penalty to Matthew Corrente is over, Matthew Corrente is back on ice.
18:14 of 3rd period - Wrist shot by Bobby Butler.
18:14 of 3rd period - Stopped by Farm Player80 with a rebound.
18:16 of 3rd period - Slapshot by Bobby Butler.
18:16 of 3rd period - Shot Blocked by T.J. Hensick.
18:18 of 3rd period - Snap shot by Bobby Butler.
18:18 of 3rd period - Stopped by Farm Player80 with a rebound.
18:20 of 3rd period - Slapshot by Hal Gill.
18:20 of 3rd period - Deflect By Mike Mottau.
18:20 of 3rd period - Stopped by Farm Player80 with a rebound.
18:22 of 3rd period - Snap shot by Bobby Butler.
18:22 of 3rd period - Shot Misses the Net.
18:24 of 3rd period - Slapshot by Aaron Rome.
18:24 of 3rd period - Shot Misses the Net.
18:26 of 3rd period - Slapshot by Hal Gill.
18:26 of 3rd period - Shot Blocked by Taylor Fedun.
18:49 of 3rd period - Wrist shot by Markus Granlund.
18:49 of 3rd period - Shot Misses the Net.
18:51 of 3rd period - Snap shot by Henrik Tommernes.
18:51 of 3rd period - Shot Misses the Net.
18:53 of 3rd period - Snap shot by Tobias Rieder.
18:53 of 3rd period - Shot Misses the Net.
18:55 of 3rd period - Snap shot by Ryan Craig.
18:55 of 3rd period - Deflect By Mike Mottau.
18:55 of 3rd period - Stopped by Farm Player80 with a rebound.
18:57 of 3rd period - Snap shot by Ryan Craig.
18:57 of 3rd period - Shot Misses the Net.
Goals for this period are 1 for Monsters vs 1 for Pirates.
Shots for this period are 10 for Monsters vs 20 for Pirates.


Output by the SimonT Hockey Simulator (STHS) for Eric Dolegowski -- Original Page W3C XHTML 1.0 Valid
Hockey Simulator - Hockey Simulation - Hockey Manager